Match 35992159
Unlisted

Match 35992159
End
Engineer Squad
Construct Weapon Support Center
M1919 Machine Gun Team
Engineer Squad
Selects Special Operations Battlegroup
M1919 Machine Gun Team
Air Support Center
M3 Armored Personnel Carrier
Grasshopper Recon Run
M3 Armored Personnel Carrier
P-47 Dive Bomb
Construct Medical Station
Grasshopper Recon Run
.30 cal Machine Gun
Selects M29 Weasel Recon Vehicle
Selects Raiding Flares
Bazooka Squad
Selects SSF Commando Squad
SSF Commando Squad
Grasshopper Recon Run
P-47 Strafing Run
Construct Tank Depot
Grasshopper Recon Run
P-47 Strafing Run
SSF Commando Squad
Selects M29 Weasel Recon Vehicle
Selects P-47 Anti-Infantry Loiter
M4A1 Sherman Medium Tank
Grasshopper Recon Run
P-47 Strafing Run
P-47 Dive Bomb
Selects UNKNOWN (2162291)
Grasshopper Recon Run
M4A1 Sherman Whizbang
P-47 Dive Bomb
SSF Commando Squad
Grasshopper Recon Run
M18 Hellcat Tank Destroyer
Improved M9 Bazooka Rockets
M18 Hellcat Tank Destroyer
Grasshopper Recon Run
Selects Assault Operation
P-47 Strafing Run
P-47 Anti-Infantry Loiter
P-47 Strafing Run
M18 Hellcat Tank Destroyer
P-47 Anti-Infantry Loiter
M18 Hellcat Tank Destroyer
Grasshopper Recon Run
Grasshopper Recon Run
P-47 Anti-Infantry Loiter
Engineer Squad
M18 Hellcat Tank Destroyer
Grasshopper Recon Run
BLACKT
Deadpool (OCdt)
magaserazhev
Yaas
萌新
Taka_nL
0
0

Comments sign in to comment!

No comments posted yet!